 Dungeon Crawl Stone Soup version 0.25-a0-1073-gf4359a17dd (webtiles) character file.

Game seed: 9414364471199585769, levelgen mode: classic

13 Amnesiac the Vexing (level 2, 0/24 HPs)
             Began as an Ogre Enchanter on May 14, 2020.
             Slain by a leopard gecko (5 damage)
             ... on level 1 of the Dungeon.
             The game lasted 00:01:49 (535 turns).

Amnesiac the Vexing (Ogre Enchanter)                 Turns: 535, Time: 00:01:50

Health: 0/24       AC:  3    Str: 11    XL:     2   Next: 37%
Magic:  5/5        EV: 10    Int: 16    God:
Gold:   33         SH:  0    Dex:  9    Spells: 5/6 levels left

rFire    . . .     SeeInvis .   a - +1 dagger
rCold    . . .     Gourm    .   (no shield)
rNeg     . . .     Faith    .   b - +0 robe
rPois    .         Spirit   .   (helmet restricted)
rElec    .         Reflect  .   (no cloak)
rCorr    .         Harm     .   (gloves unavailable)
MR       .....                  (boots unavailable)
Stlth    ++........             (no amulet)
HPRegen  0.08/turn              (no ring)
MPRegen  0.09/turn              (no ring)

@: no status effects
A: large, unfitting armour, tough skin 1
a: no special abilities


You were on level 1 of the Dungeon.
You were not hungry.

You visited 1 branch of the dungeon, and saw 3 of its levels.

You collected 33 gold pieces.

Inventory:

Hand Weapons
 a - a +1 dagger (weapon)
Armour
 b - a +0 robe (worn)
Jewellery
 f - an uncursed ring of protection from magic {unknown}
Scrolls
 c - a scroll of blinking {!r, unknown}
 g - a scroll of fog {!r, unknown}
Potions
 e - a potion of lignification {!q, unknown}
Comestibles
 d - a ration


   Skills:
 - Level 1.0 Short Blades
 - Level 1.7 Dodging
 + Level 2.3 Stealth
 + Level 2.7 Spellcasting
 * Level 3.1 Hexes


You had 5 spell levels left.
You knew the following spells:

 Your Spells              Type           Power        Failure   Level  Hunger
a - Corona                Hex            ##.....      5%          1    #......

Your spell library contained the following spells:

 Spells                   Type           Power        Failure   Level  Hunger
 Ensorcelled Hibernation  Hex/Ice        #.....       16%         2    ##.....
 Confusing Touch          Hex            ##......     16%         3    ###....
 Tukima's Dance           Hex            ##......     16%         3    ###....
 Dazzling Flash           Conj/Hex       #.....       30%         3    ###....


Dungeon Overview and Level Annotations

Branches:
Dungeon (3/15)

Altars:

Annotations:
D:2 exclusion: downstairs


Innate Abilities, Weirdness & Mutations

You are too large for most types of armour.
You have tough skin. (AC +1)


Message History

Unknown command.
The bat hits you but does no damage.
Unknown command.
The bat hits you but does no damage. The bat hits you but does no damage.
The bat hits you but does no damage. x2
Found a copper wand.
You see here a glowing purple potion {!q}.
Really quaff a glowing purple potion {!q}?
It was a potion of curing {!q}.
You feel better. The bat misses you. The bat hits you but does no damage.
The bat hits you.
You hit the bat.
You kill the bat!
The adder barely misses you. The hobgoblin misses you.
There are no items here.
The hobgoblin hits you but does no damage.
Things that are here:
a scroll labeled RECSELAKARPH {!r}; a bat corpse
g - a scroll labeled RECSELAKARPH {!r} The adder bites you.
The adder bites you.
* * * LOW HITPOINT WARNING * * *
You see here a wand of flame (3).
h - a wand of flame (3)
The adder bites you.
* * * LOW HITPOINT WARNING * * *
Evoke which item? (* to show all) (? for menu, Esc to quit)
Aiming: Throw Flame
Press: ? - help, Shift-Dir - straight line, f - adder
Aim: an adder The puff of flame hits the adder.
The adder is heavily wounded.
The adder barely misses you. The adder bites you.
* * * LOW HITPOINT WARNING * * *
Evoke which item? (* to show all) (? for menu, Esc to quit)
Aiming: Throw Flame
Press: ? - help, Shift-Dir - straight line, f/p - adder
Aim: an adder (heavily wounded)
The puff of flame hits the adder.
The adder is almost dead.
The adder barely misses you.
Evoke which item? (* to show all) (? for menu, Esc to quit)
Aiming: Throw Flame
Press: ? - help, Shift-Dir - straight line, f/p - adder
Aim: an adder (almost dead)
The puff of flame hits the adder.
You kill the adder!
Your Hexes skill increases to level 3!
You have reached level 2!
The now-empty wand crumbles to dust.
Found a mace and 11 stones.
Found 2 pink potions.
Okay, then.
A bat comes into view.
Found a stone staircase leading up.
There is a stone staircase leading up here.
The hobgoblin hits you but does no damage.
You climb upwards.
There is a stone staircase leading down here.
A leopard gecko comes into view.
The leopard gecko hisses angrily.
The leopard gecko bites you.
You die...

#.# #.# ###
#.#### ..##
## ###.#...
#.. ...
........
##.. ..
..#...
..##.####
#...
#.l.....#
#... #@#
##.. #g#
##. #). #.#
##.. #..
### ...
####.. ..
##..#.. #.
#...#.#
.#####....#
#.##....#.#
#..##...#..


You could see a leopard gecko and a hobgoblin.

Vanquished Creatures
  An adder (D:2)
  2 bats (D:2)
  A frilled lizard (D:1)
  A goblin (D:1)
  2 rats
7 creatures vanquished.

Notes
Turn   | Place    | Note
-------+----------+-------------------------------------------
     0 | D:1      | Amnesiac the Ogre Enchanter began the quest for the Orb.
     0 | D:1      | Reached XP level 1. HP: 16/16 MP: 3/3
   425 | D:1      | Reached skill level 1 in Short Blades
   456 | D:3      | Noticed an orc priest
   523 | D:2      | Reached skill level 3 in Hexes
   523 | D:2      | Reached XP level 2. HP: 4/24 MP: 5/5
   535 | D:1      | Slain by a leopard gecko

Illustrated notes

Levels and vault maps discovered:
D:1:      dpeg_arrival_arbitrary_a, layout_loops_ring
D:2:      layout_basic
D:3:      layout_basic, nicolae_overflow_crystal_walls

Skill      XL: |  1 |
---------------+----+-----
Short Blades   | 1 |  1.0
Hexes          | 3 |  3.1
Dodging        | |  1.7
Stealth        | |  2.3
Spellcasting   | |  2.7

Action                   || total
-------------------------++-------
Melee: Dagger            ||    24
Evoke: Wand              ||     3
  Use: Potion            ||     1
Armor: Robe              ||    23
Dodge: Dodged            ||    32

Table legend:
 A = Non-vault XP
 B = Vault XP
 C = Vault XP percentage of total XP
 D = Non-vault monster count
 E = Vault monster count
 F = Vault count percentage of total count
                 A         B        C        D         E       F
            +---------+---------+-------+---------+---------+-------
      Total |      19 |       0 |   0.0 |       7 |       0 |   0.0
            +---------+---------+-------+---------+---------+-------
        D:1 |       3 |       0 |   0.0 |       3 |       0 |   0.0
        D:2 |      16 |       0 |   0.0 |       4 |       0 |   0.0
            +---------+---------+-------+---------+---------+-------
